 Dungeon Crawl Stone Soup version 0.30-a0-339-g89bb51ec76 (webtiles) character file.

Game seed: 9894301970308260400

962 Hubris850 the Conjurer (level 7, 0/36 HPs)
             Began as a Deep Elf Conjurer on Oct 31, 2022.
             Succumbed to a scorpion's poison
             ... on level 5 of the Dungeon.
             The game lasted 00:14:00 (4660 turns).

Hubris850 the Conjurer (Deep Elf Conjurer)          Turns: 4660, Time: 00:14:01

Health: 0/36       AC:  3    Str:  4    XL:     7   Next: 92%
Magic:  3/18       EV: 13    Int: 25    God:
Gold:   186        SH:  0    Dex: 13    Spells: 5/18 levels left

rFire   . . .      SeeInvis .    f - +0 quarterstaff
rCold   . . .      Faith    +    (shield currently unavailable)
rNeg    . . .      Spirit   .    a - +0 robe
rPois   .          Reflect  .    (no helmet)
rElec   .          Harm     .    (no cloak)
rCorr   +          Rampage  .    o - +0 pair of gloves
Will    .....                    (no boots)
Stlth   +++.......               s - amulet of faith
HPRegen 0.26/turn                y - ring of resist corrosion
MPRegen 0.16/turn                (no ring)

@: lethally poisoned (0 -> -27), attractive, flying
A: no striking features
a: no special abilities


You were on level 5 of the Dungeon.
You visited 1 branch of the dungeon, and saw 5 of its levels.

You collected 186 gold pieces.

Inventory:

Hand Weapons
 f - a +0 quarterstaff (weapon)
Armour
 a - a +0 robe (worn)
 o - a +0 pair of gloves (worn)
 w - a +2 chain mail of willpower
Magical Staves
 v - a staff of death
Jewellery
 l - a ring of ice
 s - an amulet of faith (around neck)
 y - a ring of resist corrosion (left hand)
Scrolls
 b - a scroll of amnesia {unknown}
 c - 5 scrolls of fear {unknown}
 d - 4 scrolls of identify {unknown}
 g - 2 scrolls of noise {unknown}
 h - a scroll of immolation {unknown}
 j - 2 scrolls of enchant weapon {unknown}
 k - 2 scrolls of teleportation {unknown}
 m - a scroll of vulnerability {unknown}
 t - a scroll of fog {unknown}
 u - a scroll of poison {unknown}
Potions
 e - 2 potions of attraction
 i - a potion of flight
 n - a potion of heal wounds
 p - 2 potions of degeneration {unknown}
 q - 2 potions of curing {unknown}
 r - a potion of cancellation {unknown}
 x - a potion of invisibility {unknown}


   Skills:
 + Level 0.0 Staves
 - Level 4.6 Dodging
 - Level 5.0 Stealth
 - Level 6.3 Spellcasting
 - Level 6.5 Conjurations
 - Level 4.5 Hexes
 + Level 2.8 Evocations


You had 5 spell levels left.
You knew the following spells:

 Your Spells              Type           Power      Damage    Failure   Level
a - Magic Dart            Conj           100%       1d8       1%          1
b - Searing Ray           Conj           80%        2d7       1%          2
c - Dazzling Flash        Conj/Hex       70%        N/A       2%          3
d - Fulminant Prism       Conj/Hex       17%        3d10      8%          4
e - Confusing Touch       Hex            30%        N/A       3%          3

Your spell library contained the following spells:

 Spells                   Type           Power      Damage    Failure   Level
 Kiss of Death            Conj/Necr      96%        2d12      1%          1
 Iskenderun's Mystic Bla  Conj/Tloc      24%        2d7       19%         4
 Dispel Undead            Necr           7%         3d8       56%         4


Dungeon Overview and Level Annotations

Branches:
Dungeon (5/15)
 Temple: D:4-7

Altars:
Cheibriados
Qazlal
Vehumet

Shops:
D:1 =


Message History

The scorpion misses you.
Casting: Magic Dart (safe; 1% risk of failure)
Confirm with . or Enter, or press ? or * to list all spells.
Okay, then.
It was a potion of attraction.
You feel attractive to monsters.
* * * LOW HITPOINT WARNING * * *
You feel very sick. The scorpion barely misses you.
It was a potion of flight.
You feel very buoyant.
You fly up into the air.
* * * LOW HITPOINT WARNING * * *
You feel sick. The scorpion misses you.
It was a potion of heal wounds.
You feel much better.
You feel sick. The scorpion stings you.
You are lethally poisoned!
The scorpion poisons you! The scorpion stings you.
You are more poisoned.
The scorpion poisons you!
Unknown command.
Casting: Magic Dart (safe; 1% risk of failure)
Confirm with . or Enter, or press ? or * to list all spells.
Okay, then.
Unknown command.
You aren't carrying any items that you can evoke.
Casting: Magic Dart (safe; 1% risk of failure)
Confirm with . or Enter, or press ? or * to list all spells.
Aiming: Searing Ray (safe; 1% risk of failure)
Press: ? - help, Shift-Dir - straight line, f/p - scorpion
Aim: a scorpion (severely wounded, 82% to hit)
The searing ray hits the scorpion.
The scorpion is almost dead. (Press . to maintain the ray.)
* * * LOW HITPOINT WARNING * * *
You feel extremely sick. The scorpion misses you.
The searing ray hits the scorpion.
You kill the scorpion!
You die...

#.#.#......######...##....
# #.#.#......# #...##8...
#)#.#..)...# #...#
#####.#..####### #...#
...รท..##...### ##.##
##########...#########.#
#......#....#[..##.# ###
#.#....####......... ..#
#.#### ##@....... #.# ...
#........ #^# ###
##....... #.# ....### #.#
.....# #.# .....# #.#
......# #.# ....#.. ...


There were no monsters in sight!

Vanquished Creatures
  Sigmund (D:2)
  Edmund (D:5)
  An ogre (D:5)
  A phantom (D:5)
  A necrophage (D:5)
  A scorpion (D:5)
  2 howler monkeys
  A jelly (D:3)
  A hound (D:4)
  A gnoll bouda (D:4)
  An orc priest (D:4)
  Natasha (twice) (D:2)
  5 gnolls
  7 adders
  3 worms
  3 dart slugs
  7 orcs
  A bat (D:3)
  8 endoplasms
  6 giant cockroaches
  9 goblins
  4 hobgoblins
  7 jackals (D:2)
  3 quokkas
  5 ball pythons
  4 frilled lizards
  6 kobolds
  9 rats
101 creatures vanquished.

Vanquished Creatures (others)
  4 fulminant prisms
4 creatures vanquished.

Grand Total: 105 creatures vanquished

Notes
Turn   | Place    | Note
-------+----------+-------------------------------------------
     0 | D:1      | Hubris850 the Deep Elf Conjurer began the quest for the
                  | Orb.
     0 | D:1      | Reached XP level 1. HP: 10/10 MP: 6/6
   241 | D:1      | Reached XP level 2. HP: 15/15 MP: 4/8
   338 | D:1      | Learned a level 2 spell: Searing Ray
   456 | D:1      | Found Nunloill's Jewellery Shoppe.
   606 | D:1      | Reached XP level 3. HP: 19/19 MP: 6/10
   883 | D:2      | Noticed Natasha
   886 | D:2      | Killed Natasha
   887 | D:2      | Reached XP level 4. HP: 24/24 MP: 1/11
   896 | D:1      | Learned a level 3 spell: Dazzling Flash
   901 | D:1      | Learned a level 4 spell: Fulminant Prism
  1008 | D:2      | Noticed Sigmund
  1019 | D:2      | Killed Sigmund
  1020 | D:2      | Reached skill level 5 in Conjurations
  1020 | D:2      | Reached XP level 5. HP: 26/28 MP: 1/14
  1319 | D:2      | Found a radiant altar of Vehumet.
  1355 | D:2      | Reached XP level 6. HP: 32/32 MP: 9/15
  1522 | D:2      | Noticed Natasha
  1534 | D:2      | Killed Natasha
  1535 | D:2      | Reached skill level 5 in Spellcasting
  1981 | D:3      | Noticed a torpor snail
  1983 | D:3      | Found a snail-covered altar of Cheibriados.
  1983 | D:3      | Noticed a torpor snail
  1985 | D:3      | Noticed a torpor snail
  3124 | D:4      | Reached skill level 5 in Stealth
  3379 | D:4      | Identified the +1 pair of boots of Dyspraxia {Drain rPois
                  | rN+++ SInv}
  3435 | D:4      | Reached skill level 1 in Hexes
  3813 | D:4      | Reached XP level 7. HP: 36/36 MP: 10/17
  3827 | D:4      | Reached skill level 1 in Evocations
  4154 | D:5      | Entered Level 5 of the Dungeon
  4167 | D:5      | Learned a level 3 spell: Confusing Touch
  4277 | D:5      | Found a stormy altar of Qazlal.
  4409 | D:5      | Noticed Edmund
  4431 | D:5      | Killed Edmund
  4657 | D:5      | HP: 1/36 [poisoned by a scorpion]
  4660 | D:5      | Succumbed to a scorpion's poison

Illustrated notes

Levels and vault maps discovered:
D:1:      reono_arrival_forest_river, layout_basic, serial_shops, shop
D:2:      layout_loops_ring, basic_altar, uniq_natasha, uniq_sigmund
D:3:      layout_basic, cheibriados_altar_2
D:4:      layout_basic
D:5:      layout_basic, lemuel_coloured_pillars_altar,
          nicolae_overflow_hidden_temple, uniq_edmund

Skill      XL: |  1  2  3  4  5  6  7 |
---------------+----------------------+-----
Stealth        | 3 4 5 |  5.0
Dodging        | 3 4 |  4.6
Spellcasting   | 4 5 6 |  6.3
Conjurations   | 5 6 |  6.5
Hexes          | 2 4 |  4.5
Evocations     | 2 |  2.8

Action                   |  1- 3 |  4- 6 |  7- 9 || total
-------------------------+-------+-------+-------++-------
Melee: Quarterstaff      |       |     2 |    19 ||    21
 Cast: Magic Dart        |    54 |   150 |    44 ||   248
       Fulminant Prism   |       |     2 |     2 ||     4
       Searing Ray       |       |       |     4 ||     4
       Dazzling Flash    |       |       |     2 ||     2
       Confusing Touch   |       |       |     1 ||     1
  Use: Potion            |       |       |     4 ||     4
 Stab: Invisible         |       |       |     1 ||     1
Armor: Robe              |     1 |     5 |     3 ||     9
Dodge: Dodged            |     6 |    17 |    20 ||    43

Table legend: (Time is in decaauts)
 A = Elapsed time spent in this place.
 B = Non-inter-level travel time spent in this place.
 C = Inter-level travel time spent in this place.
 D = Time resting spent in this place.
 E = Time spent auto-exploring this place.
 F = Levels seen in this place.
 G = Mean time per level.
                   A        B        C        D        E       F      G
               +--------+--------+--------+--------+--------+-----+--------+
         Total |   4672 |   4580 |     92 |    450 |   3594 |   5 |  934.4 |
       Dungeon |   4672 |   4580 |     92 |    450 |   3594 |   5 |  934.4 |
               +--------+--------+--------+--------+--------+-----+--------+

Top non-repeatable levels by time:
     D:3: 1164 daAuts
     D:2: 1055 daAuts
     D:4: 1035 daAuts
     D:1: 906 daAuts
     D:5: 510 daAuts
